 Dungeon Crawl Stone Soup version 0.28-a0-1143-gcf6077d4cc (webtiles) character file.

Game seed: 13108532001011687167

374 browni3141 the Slasher (level 7, -2/52 HPs)
             Began as a Formicid Fighter on Dec 14, 2021.
             Was an Initiate of Okawaru.
             Slain by a black bear (4 damage)
             ... on level 4 of the Dungeon.
             The game lasted 00:05:52 (5103 turns).

browni3141 the Slasher (Formicid Fighter)           Turns: 5103, Time: 00:05:52

Health: -2/52      AC:  8    Str: 20    XL:     7   Next: 3%
Magic:  7/7        EV:  9    Int: 10    God:    Okawaru [......]
Gold:   127        SH:  4    Dex: 10    Spells: 6/6 levels left

rFire   . . .      SeeInvis +   a - +0 long sword
rCold   . . .      Faith    .   c - +0 buckler
rNeg    . . .      Spirit   .   b - +0 scale mail
rPois   .          Reflect  .   (helmet unavailable)
rElec   .          Harm     .   (no cloak)
rCorr   .          Rampage  .   m - +0 pair of gloves
Will    .....                   (no boots)
Stlth   ..........              (no amulet)
HPRegen 0.17/turn               (no ring)
MPRegen 0.10/turn               (no ring)

@: no status effects
A: permanent stasis, dig shafts and tunnels, antennae 3, four strong arms
a: Dig, Shaft Self, Renounce Religion


You were on level 4 of the Dungeon.
You worshipped Okawaru.
Okawaru was noncommittal.
You visited 2 branches of the dungeon, and saw 6 of its levels.

You collected 127 gold pieces.

Inventory:

Hand Weapons
 a - a +0 long sword (weapon)
Armour
 b - a +0 scale mail (worn)
 c - a +0 buckler (worn)
 m - a +0 pair of gloves (worn)
Jewellery
 l - a ring of fire
 v - a ring of poison resistance
Wands
 q - a wand of mindburst (10)
Scrolls
 e - 2 scrolls of noise {unknown}
 g - 4 scrolls of vulnerability {unknown}
 i - 3 scrolls of identify {unknown}
 j - a scroll of silence {unknown}
 o - 2 scrolls of amnesia {unknown}
 p - 2 scrolls of enchant armour {unknown}
 r - a scroll of teleportation {unknown}
 w - a scroll of enchant weapon {unknown}
Potions
 f - a potion of heal wounds {unknown}
 h - a potion of lignification {unknown}
 k - 2 potions of curing {unknown}
 n - 2 potions of invisibility {unknown}
 s - a potion of flight {unknown}
 t - a potion of berserk rage {unknown}
 u - a potion of attraction {unknown}


   Skills:
 - Level 3.2 Fighting
 * Level 7.0 Long Blades
 - Level 3.2 Armour
 - Level 3.6 Shields


You had 6 spell levels left.
You didn't know any spells.
Your spell library contained the following spells:

 Spells                   Type           Power      Damage    Failure   Level
 Slow                     Hex            0%         N/A       71%         1


Dungeon Overview and Level Annotations

Branches:
Dungeon (5/15)             Temple (1/1) D:4

Altars:
Ashenzari
Dithmenos
Elyvilon
Fedhas
Gozag
Hepliaklqana
Makhleb
Nemelex Xobeh
Okawaru
Trog
Uskayaw
Vehumet
Wu Jian
Yredelemnul
The Shining One


Innate Abilities, Weirdness & Mutations

You cannot be hasted, slowed, berserked, paralysed or teleported.
You can dig through walls and to a lower floor.
You have a pair of large antennae on your head. (SInv)
Your four strong arms can wield two-handed weapons with a shield.


Message History

The black bear claws you but does no damage.
You barely miss the black bear.
The black bear is severely wounded.
The black bear barely misses you. You block the black bear's attack. x2
You barely miss the black bear.
The black bear is severely wounded.
The black bear goes berserk!
Vehumet rains destruction down upon you!
The puff of flame hits you!
You barely miss the black bear.
The black bear is severely wounded.
The black bear bites you.
The black bear claws you but does no damage.
The black bear claws you. The black bear bites you.
The black bear claws you but does no damage.
The black bear closely misses you.
You slash the black bear!
The black bear is almost dead.
The black bear bites you but does no damage.
The black bear claws you but does no damage.
The black bear claws you.
Unknown command.
You hit the black bear.
The black bear is almost dead.
The black bear bites you.
* * * LOW HITPOINT WARNING * * *
The black bear misses you. The black bear closely misses you.
You block the black bear's attack. The black bear closely misses you.
The black bear barely misses you.
You hit the black bear but do no damage.
The black bear is almost dead.
The black bear bites you!
* * * LOW HITPOINT WARNING * * *
The black bear barely misses you. The black bear claws you.
* * * LOW HITPOINT WARNING * * *
Unknown command.
You hit the black bear but do no damage.
The black bear is almost dead.
You block the black bear's attack. The black bear claws you.
You die...

..##....# ##.##+####..........##
........# #..................##
'#.#'#########.................##
................................#
...(.)##..####..........##.##...#
......##..# ##..##.....###.#...#
......##..# #..##.....# ##..○.#
......##..# ##.##.....# ##...#
##.#####..# #@##.....# #####
#........# #h##.....# #
#.######.# #.######## # #.# #.#
#.# # #.# #.# #.###### #.#
#.######......# #<#
#....##.......# #.#
####.##.#####.# #.# #.##.# #.#


You could see a black bear (berserk).

Vanquished Creatures
  Sigmund (D:5)
  A hound (D:4)
  A gnoll shaman (D:4)
  A jelly (D:4)
  3 gnolls (D:4)
  6 adders
  A worm (D:2)
  An adder skeleton (D:4)
  2 dart slugs (D:1)
  3 bats
  An endoplasm (D:1)
  A giant cockroach (D:4)
  7 goblins
  7 hobgoblins
  4 quokkas
  7 ball pythons
  5 frilled lizards
  6 kobolds
  8 rats
66 creatures vanquished.

Vanquished Creatures (others)
  4 plants (D:5)
4 creatures vanquished.

Grand Total: 70 creatures vanquished

Notes
Turn   | Place    | Note
-------+----------+-------------------------------------------
     0 | D:1      | browni3141 the Formicid Fighter began the quest for the
                  | Orb.
     0 | D:1      | Reached XP level 1. HP: 18/18 MP: 1/1
   209 | D:1      | Reached XP level 2. HP: 24/24 MP: 2/2
   237 | D:1      | Found a faded altar of an unknown god.
   245 | D:1      | Got Plato's Reference Book on Curses
   289 | D:1      | Prayed at the altar of an unknown god.
   289 | D:1      | Became a worshipper of Vehumet
   289 | D:1      | Reached * piety under Vehumet
   289 | D:1      | Offered knowledge of Magic Dart by Vehumet.
   470 | D:1      | Reached skill level 3 in Long Blades
   558 | D:1      | Reached XP level 3. HP: 29/29 MP: 3/3
  1506 | D:2      | Reached skill level 4 in Long Blades
  1506 | D:2      | Reached XP level 4. HP: 32/35 MP: 4/4
  2013 | D:2      | Found a white marble altar of Elyvilon.
  2030 | D:2      | Fell from the grace of Vehumet
  2030 | D:2      | Became a worshipper of Elyvilon the Healer
  2917 | D:3      | Reached * piety under Elyvilon
  3660 | D:4      | Reached skill level 5 in Long Blades
  3660 | D:4      | Reached XP level 5. HP: 41/41 MP: 5/5
  4016 | D:4      | Found a staircase to the Ecumenical Temple.
  4036 | Temple   | Entered the Ecumenical Temple
  4141 | Temple   | Fell from the grace of Elyvilon
  4141 | Temple   | Became a worshipper of Warmaster Okawaru
  4249 | D:4      | Reached XP level 6. HP: 46/47 MP: 6/6
  4377 | D:4      | Noticed a black bear
  4701 | D:5      | Entered Level 5 of the Dungeon
  4701 | D:5      | Noticed Sigmund
  4765 | D:5      | Killed Sigmund
  4766 | D:5      | Reached skill level 6 in Long Blades
  5053 | D:4      | Reached skill level 7 in Long Blades
  5053 | D:4      | Reached XP level 7. HP: 45/52 MP: 7/7
  5102 | D:4      | HP: 2/52 [black bear (2)]
  5103 | D:4      | Slain by a black bear

Illustrated notes

Levels and vault maps discovered:
D:1:      co_arrival_random_square_maze, layout_loops_ring,
          shapermc_ecumenical_altar_rom_forum
D:2:      layout_basic, basic_altar, minmay_misc_feat_square
D:3:      layout_basic, serial_aquarium, aquarium_bridge_long_separate
          [aquarium_subvault_bridge, aquarium_subvault_bridge,
          aquarium_subvault_balcony, aquarium_subvault_bridge,
          aquarium_subvault_bridge, aquarium_subvault_window],
          aquarium_bridge_island_small [aquarium_subvault_small_open,
          aquarium_subvault_window, aquarium_subvault_bridge,
          aquarium_subvault_window, aquarium_subvault_bridge],
          aquarium_window_corridor_1, aquarium_window_corner,
          aquarium_window_fake, aquarium_window_fake, aquarium_view_2c,
          aquarium_pool_side
D:4:      layout_basic, minmay_temple_entry_grid, st_stairs_14,
          minmay_liquid_box
D:5:      wad_woods_pond, layout_basic, uniq_sigmund
Temple:   eino_temple_scatter_basement

Skill      XL: |  1  2  3  4  5  6 |
---------------+-------------------+-----
Long Blades    | 3 4 5 7 |  7.0
Fighting       | |  3.2
Armour         | |  3.2
Shields        | |  3.6

Action                   |  1- 3 |  4- 6 |  7- 9 || total
-------------------------+-------+-------+-------++-------
Melee: Long sword        |    85 |   159 |    10 ||   254
 Abil: Dig               |       |     2 |       ||     2
  Use: Potion            |       |     1 |       ||     1
Armor: Scale mail        |    37 |    82 |    14 ||   133
Dodge: Dodged            |    23 |    73 |    10 ||   106
Block: Buckler           |    15 |    41 |     6 ||    62

Table legend: (Time is in decaauts)
 A = Elapsed time spent in this place.
 B = Non-inter-level travel time spent in this place.
 C = Inter-level travel time spent in this place.
 D = Time resting spent in this place.
 E = Time spent auto-exploring this place.
 F = Levels seen in this place.
 G = Mean time per level.
                   A        B        C        D        E       F      G
               +--------+--------+--------+--------+--------+-----+--------+
         Total |   5156 |   4952 |    204 |    444 |   3754 |   6 |  859.3 |
       Dungeon |   5042 |   4846 |    196 |    444 |   3667 |   5 | 1008.4 |
        Temple |    114 |    106 |      8 |      0 |     87 |   1 |  114.0 |
               +--------+--------+--------+--------+--------+-----+--------+

Top non-repeatable levels by time:
     D:2: 1430 daAuts
     D:4: 1287 daAuts
     D:3: 1158 daAuts
     D:1: 1098 daAuts
  Temple: 114 daAuts
     D:5: 68 daAuts
